 Seeded DCSS version 0.31.0-11-ge490571c62 (webtiles) character file.

Game seed: 2 (custom seed)

572 Kazon the Sneak (level 7, -1/45 HPs)
             Began as an Octopode Shapeshifter on Jan 30, 2024.
             Was an Initiate of Okawaru.
             Slain by a water moccasin zombie (9 damage)
             ... in an ossuary.
             The game lasted 00:10:57 (2145 turns).

Kazon the Sneak (Octopode Shapeshifter)             Turns: 2145, Time: 00:10:58

Health: -1/45      AC:  5    Str: 13    XL:     7   Next: 34%
Magic:  0/7        EV: 14    Int: 12    God:    Okawaru [......]
Gold:   32         SH:  5    Dex: 20    Spells: 6/6 levels left

rFire   . . .        x - +3 war axe (drain)
rCold   . . .        c - +0 buckler
rNeg    . . .        (helmet currently unavailable)
rPois   +            j - amulet of guardian spirit
rElec   .            k - +4 ring of slaying
rCorr   .            n - +4 ring of protection
SInv    .            C - +6 ring of dexterity
Will    .....        D - ring of poison resistance
Stlth   ++++         (no ring)
HPRegen 0.27/turn    (no ring)
MPRegen 0.10/turn    (no ring)
                     (no ring)

%: guardian spirit
@: beast-form
A: beast (slay +2), almost no armour, amphibious, 8 rings, camouflage 1,
gelatinous body 1, (nimble swimmer 1), tentacles
a: Begin Untransformation, Renounce Religion


You were in an ossuary.
You worshipped Okawaru.
Okawaru was noncommittal.
You were a hulking beast.
You visited 2 branches of the dungeon, and saw 6 of its levels.
You also visited: Ossuary.

You collected 201 gold pieces.
You spent 169 gold pieces at shops.

Inventory:

Hand Weapons
 e - a +0 dagger of venom
 x - a +3 war axe of draining (weapon)
Missiles
 d - 27 stones (quivered)
 o - 12 poisoned darts
Armour
 c - a +0 buckler (worn)
 v - an orb of mayhem
Jewellery
 j - an amulet of guardian spirit (around mantle)
 k - a +4 ring of slaying (left tentacle)
 n - a +4 ring of protection (right tentacle)
 C - a +6 ring of dexterity (on tentacle)
 D - a ring of poison resistance (on tentacle)
Talismans
 b - a beast talisman
 w - a serpent talisman
 y - a flux talisman
Scrolls
 f - 2 scrolls of immolation {unknown}
 g - a scroll of poison {unknown}
 i - 3 scrolls of identify {unknown}
 m - 3 scrolls of teleportation
 p - a scroll of enchant armour {unknown}
 s - a scroll of vulnerability {unknown}
 u - a scroll of noise {unknown}
Potions
 a - a potion of lignification
 h - 2 potions of mutation {unknown}
 l - 3 potions of might {unknown}
 q - a potion of resistance {unknown}
 r - a potion of degeneration {unknown}
 t - 2 potions of cancellation {unknown}
 z - a potion of heal wounds {unknown}
 A - 2 potions of curing {unknown}
 B - 2 potions of attraction {unknown}
 E - a potion of ambrosia {unknown}


   Skills:
 * Level 2.7 Fighting
 + Level 3.0 Short Blades
 + Level 0.6 Axes
 * Level 2.1 Throwing
 * Level 3.2 Dodging
 + Level 4.4 Stealth
 * Level 1.1 Shields
 - Level 3.0 Unarmed Combat
 * Level 0.6 Invocations
 * Level 4.2 Shapeshifting


You had 6 spell levels left.
You didn't know any spells.
Your spell library was empty.

Dungeon Overview and Level Annotations

Branches:
Dungeon (5/15)             Temple (1/1) D:5         Ossuary (1/1)

Altars:
Ashenzari
Cheibriados
Dithmenos
Elyvilon
Fedhas
Gozag
Hepliaklqana
Makhleb
Nemelex Xobeh
Okawaru
Qazlal
Ru
Sif Muna
Trog
Uskayaw
Vehumet
Wu Jian
Xom
Yredelemnul
Zin
The Shining One

Shops:
D:2 (   D:3 (


Innate Abilities, Weirdness & Mutations

You are a hulking beast.
Your limbs bulge with bestial killing power. (Slay +2)
You cannot wear most types of armour.
You are amphibious.
You can wear up to eight rings at the same time.
Your skin changes colour to match your surroundings (Stealth+).
Your rubbery body absorbs attacks. (AC +1, EV +1)
((You are camouflaged when in or above water. (Stealth+)))
You have tentacles for arms and can constrict up to eight enemies at once.


Message History

You destroy the gnoll zombie!
Okawaru accepts your kill. The water moccasin zombie bites you.
You block the water moccasin zombie's attack.
The crocodile zombie closely misses you.
You hit the crocodile zombie.
The crocodile zombie is moderately damaged.
You hit the water moccasin zombie.
You block the water moccasin zombie's attack.
The crocodile zombie bites you!
You block the water moccasin zombie's attack.
You hit the crocodile zombie.
The crocodile zombie is heavily damaged.
You slash the water moccasin zombie! You closely miss the burial acolyte.
The water moccasin zombie closely misses you.
The burial acolyte hits you with a +0 dagger.
The crocodile zombie bites you but does no damage.
The water moccasin zombie misses you.
The burial acolyte recites a funeral chant.
The water moccasin zombie is empowered.
The crocodile zombie is empowered.
The gnoll zombie is empowered.
You slash the crocodile zombie!
Your squeeze misses the crocodile zombie.
The crocodile zombie is almost destroyed.
You hit the burial acolyte. You drain the burial acolyte.
You slash the water moccasin zombie!
The water moccasin zombie barely misses you.
The crocodile zombie bites you!
* * * LOW HITPOINT WARNING * * *
The burial acolyte hits you with a +0 dagger.
* * * LOW HITPOINT WARNING * * *
You hit the burial acolyte. Your grab misses the burial acolyte.
Your tentacle-slap misses the burial acolyte.
The burial acolyte is severely wounded.
You completely miss the crocodile zombie.
You completely miss the water moccasin zombie.
The gnoll zombie no longer looks unusually strong.
The gnoll zombie is no longer moving quickly.
The water moccasin zombie bites you!
You die...

#...#...#?!?!#
#...##### ###
#...# ##'##
#...# #...#
#...# #...#
##h##


#ZpZ# #.Z.# #...# #...# #+### You could see a burial acolyte (drained), a water
moccasin zombie (strong, swift), a crocodile zombie (strong, swift) and a gnoll
zombie.

Vanquished Creatures
  A centaur (D:5)
  An ogre (D:3)
  A phantom (D:4)
  A scorpion (D:5)
  2 hounds
  An iguana (D:5)
  An orc wizard (D:5)
  A crocodile zombie (Ossuary)
  8 adders
  3 dart slugs
  A ribbon worm (D:2)
  5 orcs
  3 ball pythons
  5 bats
  11 endoplasms
  2 giant cockroaches (D:3)
  2 gnoll zombies (Ossuary)
  8 goblins
  2 hobgoblins
  2 jackals (D:3)
  5 quokkas
  2 frilled lizards
  A jackal zombie (Ossuary)
  2 kobolds
  4 rats
75 creatures vanquished.

Notes
Turn   | Place    | Note
-------+----------+-------------------------------------------
     0 | D:1      | Kazon the Octopode Shapeshifter began the quest for the
                  | Orb.
     0 | D:1      | Reached XP level 1. HP: 13/13 MP: 1/1
    47 | D:1      | Reached XP level 2. HP: 15/18 MP: 2/2
   662 | D:2      | Reached XP level 3. HP: 23/23 MP: 3/3
   699 | D:2      | Found Weaqack's Weapon Shop.
   855 | D:2      | Reached XP level 4. HP: 23/28 MP: 2/4
  1072 | D:3      | Reached skill level 1 in Stealth
  1126 | D:3      | Found Hivuethe's Antique Weapon Shoppe.
  1151 | D:3      | Reached skill level 1 in Short Blades
  1151 | D:3      | Reached skill level 1 in Throwing
  1163 | D:3      | Noticed an ogre
  1179 | D:3      | Killed an ogre
  1180 | D:3      | Reached XP level 5. HP: 11/34 MP: 1/5
  1247 | D:3      | Found a shimmering altar of Xom.
  1247 | D:3      | Found a shimmering altar of Xom.
  1248 | D:3      | Found a shimmering altar of Xom.
  1462 | D:4      | Noticed a phantom
  1474 | D:4      | Killed a phantom
  1475 | D:4      | Reached XP level 6. HP: 21/39 MP: 3/6
  1563 | D:4      | Found a sacrificial altar of Ru.
  1868 | D:3      | Bought a runed war axe for 169 gold pieces
  1887 | D:5      | Entered Level 5 of the Dungeon
  1974 | D:5      | Reached XP level 7. HP: 35/45 MP: 5/7
  1989 | D:5      | Found a staircase to the Ecumenical Temple.
  1998 | Temple   | Entered the Ecumenical Temple
  2005 | Temple   | Became a worshipper of Warmaster Okawaru
  2022 | D:5      | Reached skill level 1 in Shields
  2104 | D:5      | Found a sand-covered staircase.
  2113 | Ossuary  | Entered an ossuary
  2145 | Ossuary  | Slain by a water moccasin zombie

Illustrated notes

Levels and vault maps discovered:
D:1:      lightli_arrival_noodles, layout_loops_ring, skrybe_limestone_x
D:2:      layout_rooms, serial_shops, shop
D:3:      layout_basic, xom_redecorated, serial_shops, nicolae_shop_stone
D:4:      layout_rooms, mainiacjoe_overflow_six_doors_small,
          minmay_misc_feat_five
D:5:      layout_loops_ring, temple_pool_b, mainiacjoe_ossuary_entry_dusty_tomb
Temple:   hellmonk_temple_of_storms
Ossuary:  ossuary_tomb_2

Skill      XL: |  1  2  3  4  5  6  7 |
---------------+----------------------+-----
Stealth        | 2 3 4 |  4.4
Short Blades   | 1 2 3 |  3.0
Throwing       | 1 2 |  2.1
Fighting       | 2 |  2.7
Shapeshifting  | 4 |  4.2
Dodging        | 3 |  3.2
Shields        | 1 |  1.1
Axes           | |  0.6
Unarmed Combat | |  3.0
Invocations    | |  0.6

Action                     |  1- 3 |  4- 6 |  7- 9 || total
---------------------------+-------+-------+-------++-------
  Melee: Unarmed           |     6 |       |       ||     6
         Constrict         |    10 |     8 |     3 ||    21
         Tentacles         |     7 |     8 |     6 ||    21
         Dagger            |    32 |    57 |       ||    89
         Punch             |       |     1 |     1 ||     2
         War axe           |       |     8 |    20 ||    28
  Throw: Dart              |       |     4 |       ||     4
         Stone             |       |    11 |       ||    11
    Use: Potion            |     2 |       |       ||     2
         Scroll            |       |     1 |       ||     1
   Stab: Sleeping          |     8 |     7 |     4 ||    19
 Armour: Skin              |     9 |    25 |    19 ||    53
  Dodge: Dodged            |    14 |    22 |    16 ||    52
  Block: Buckler           |       |     3 |     6 ||     9
